 Dungeon Sprint DCSS version 0.27.1-15-g792fb953b9 (webtiles) character file.

Game seed: 11242220343797690616

930 boopmooplesden the Blocker (level 11, -1/74 HPs)
             Began as a Gargoyle Fighter on Nov 21, 2021.
             Was an Elder of Okawaru.
             Slain by a hornet (8 damage)
             ... in the Dungeon (Sprint VI: "Thunderdome").
             The game lasted 00:05:47 (796 turns).

boopmooplesden the Blocker (Gargoyle Fighter)        Turns: 796, Time: 00:05:48

Health: -1/74      AC: 24    Str: 24    XL:     11   Next: 5%
Magic:  10/11      EV: 12    Int:  7    God:    Okawaru [****..]
Gold:   140        SH: 18    Dex: 10    Spells: 11/11 levels left

rFire    . . .     SeeInvis +   s - +0 broad axe
rCold    . . .     Faith    .   c - +0 kite shield
rNeg     + . .     Spirit   .   b - +0 scale mail
rPois    ∞         Reflect  +   (no helmet)
rElec    +         Harm     .   p - +0 cloak
rCorr    +         Rampage  .   o - +0 pair of gloves
Will     ++...     NoTele   +   v - +0 pair of boots "Meniziuj" {rCorr}
Stlth    +.........             r - amulet "Najacic" {Reflect rCorr Int+2 SH+5}
HPRegen  0.22/turn              q - ring "Zoxtihuc" {rElec rPois Will+ Int-4 SInv}
MPRegen  0.12/turn              t - ring "Ygiteph" {Will+ rCorr AC+4}

@: unable to read
A: sickness immunity, AC +8, negative energy resistance 1, electricity
resistance, torment resistance 1, petrification resistance, low mp 1, strong 1,
inability to read while threatened, sturdy frame 1
}: 1/15 runes: decaying
a: Renounce Religion, Heroism


You were in the Dungeon.
You worshipped Okawaru.
Okawaru was greatly pleased with you.
You visited 1 branch You collected 1150 gold pieces.
You spent 1010 gold pieces at shops.

Inventory:

Hand Weapons
 a - a +0 war axe
 d - a +1 whip of electrocution
 s - a +0 broad axe (weapon)
Armour
 b - a +0 scale mail (worn)
 c - a +0 kite shield (worn)
 o - a +0 pair of gloves (worn)
 p - a +0 cloak (worn)
 v - the +0 pair of boots "Meniziuj" (worn) {rCorr}
   (You bought it in a shop in the Dungeon)

   rCorr:     It protects you from acid and corrosion.
 w - the +2 hat "Xaop" {Str+7}
   (You bought it in a shop in the Dungeon)

   Str:       It affects your strength (+7).
Magical Staves
 u - a staff of poison
Jewellery
 q - the ring "Zoxtihuc" (left hand) {rElec rPois Will+ Int-4 SInv}
   (You bought it in a shop in the Dungeon)

   [ring of see invisible]

   Int:       It affects your intelligence (-4).
   rElec:     It insulates you from electricity.
   rPois:     It protects you from poison.
   SInv:      It lets you see invisible.
   Will:      It increases your willpower.
 r - the amulet "Najacic" (around neck) {Reflect rCorr Int+2 SH+5}
   (You bought it in a shop in the Dungeon)

   [amulet of reflection]

   It reflects blocked missile attacks.
   Int:       It affects your intelligence (+2).
   rCorr:     It protects you from acid and corrosion.
   SH:        It affects your SH (+5).
 t - the ring "Ygiteph" (right hand) {Will+ rCorr AC+4}
   (You bought it in a shop in the Dungeon)

   [ring of protection]

   AC:        It affects your AC (+4).
   rCorr:     It protects you from acid and corrosion.
   Will:      It increases your willpower.
Wands
 l - a wand of acid (5)
 m - a wand of iceblast (5)
Scrolls
 j - 4 scrolls of blinking
 n - 3 scrolls of fog
Potions
 e - a potion of curing
 f - 3 potions of heal wounds
 g - 4 potions of haste
 h - 2 potions of magic
 i - a potion of berserk rage
 k - a potion of resistance


   Skills:
 + Level 11.5 Fighting
 + Level 0.5(0.7) Short Blades
 + Level 0.5(0.7) Long Blades
 + Level 12.8 Axes
 + Level 0.6(9.2) Maces & Flails
 + Level 0.5(8.4) Polearms
 + Level 0.6(1.0) Staves
 + Level 0.5(0.7) Slings
 + Level 0.6 Bows
 + Level 1.1 Crossbows
 + Level 0.5(0.7) Throwing
 + Level 9.6 Armour
 + Level 5.4 Dodging
 + Level 2.9 Stealth
 + Level 13.3 Shields
 + Level 0.6 Unarmed Combat
 + Level 0.5 Spellcasting
 + Level 0.7 Conjurations
 + Level 0.5 Hexes
 + Level 0.5 Summonings
 + Level 0.4 Necromancy
 + Level 0.5 Translocations
 + Level 0.4 Transmutations
 + Level 0.6 Fire Magic
 + Level 0.6 Ice Magic
 + Level 0.4 Air Magic
 + Level 0.8 Earth Magic
 + Level 1.1 Poison Magic
 + Level 2.6 Invocations
 + Level 0.5 Evocations


You had 11 spell levels left.
You didn't know any spells.
Your spell library was empty.

Dungeon Overview and Level Annotations

Branches:
Dungeon (1/1)

Altars:
Cheibriados
Dithmenos
Fedhas
Gozag
Kikubaaqudgha
Makhleb
Okawaru
Qazlal
Ru
Sif Muna
Trog
Uskayaw
Vehumet
Wu Jian
Xom
Yredelemnul
Zin
The Shining One
Beogh
Jiyva
Lugonu

Shops:
D *[??*?*:[((!!!!


Innate Abilities, Weirdness & Mutations

You are immune to sickness and miasma.
Your stone body is resilient. (AC +8)
You are immune to poison.
You resist negative energy. (rN+)
You are resistant to electric shocks. (rElec)
You are resistant to unholy torment.
You are immune to petrification.
Your magical capacity is low. (-10% MP)
Your muscles are strong. (Str +2)
You sometimes lose the ability to read scrolls when taking damage.
Your movements are slightly less encumbered by armour. (ER -2)


Message History

You miss the spriggan rider.
The spriggan rider is moderately wounded.
The spriggan rider blocks your attack.
The spriggan rider is moderately wounded.
You block the spriggan rider's attack. The spriggan rider blocks your attack.
The spriggan rider is moderately wounded.
The spriggan rider hits you with a +0 spear!
You feel threatened and lose the ability to read scrolls!
* * * LOW HITPOINT WARNING * * *
You hit the spriggan rider.
The spriggan rider is moderately wounded.
You slash the spriggan rider!
The spriggan rider is heavily wounded.
A bunyip comes into view.
The bunyip gives a hideous shriek!
You block the spriggan rider's attack.
You slash the spriggan rider!
You kill the spriggan!
Okawaru accepts your kill.
The hornet is heavily wounded.
The hornet completely misses you.
You hit the hornet.
The hornet is severely wounded.
You block the hornet's attack.
You closely miss the hornet.
The hornet is severely wounded.
The hornet misses you.
You hit the hornet.
The hornet is severely wounded.
You feel like a meek peon again.
You can read scrolls again.
You block the hornet's attack. You block the bunyip's attack. x2
The bunyip claws you!
You feel threatened and lose the ability to read scrolls!
* * * LOW HITPOINT WARNING * * *
You barely miss the hornet.
The hornet is severely wounded.
You hit the bunyip. The hornet stings you!
You die...

######.8.........8
##.___......###..).
###∩).......8.# #(8..
##............†###[...
#⌠..........###...###.
#⌠..........# #.<.# #.
#§..........###..†###.
##.............###†...
###x@y......8.# #†8..
##∩___......###)...
######.8.........8
#§...........
###.........#
#_......._#
#_......._#
#_........#
#∩.......∩#


You could see a bunyip and a hornet.

Vanquished Creatures
  Pikel (D)
  A rust devil (D)
  A gargoyle (D)
  7 polar bears (D)
  A spriggan (D)
  5 neqoxecs (D)
  2 kobold brigands (D)
  2 earth elementals (D)
  2 iron imps (D)
  2 adders (D)
  2 goblins (D)
  2 hobgoblins (D)
  A kobold (D)
  A rat (D)
30 creatures vanquished.

Vanquished Creatures (others)
  A wizard (D)
1 creature vanquished.

Grand Total: 31 creatures vanquished

Notes
Turn   | Place    | Note
-------+----------+-------------------------------------------
     0 | D        | boopmooplesden the Gargoyle Fighter began the quest for the
                  | Orb.
     0 | D        | Reached XP level 1. HP: 14/14 MP: 1/1
     3 | D        | Found a radiant altar of Vehumet.
     3 | D        | Found a glowing silver altar of Zin.
     4 | D        | Found a hide-covered altar of Uskayaw.
     4 | D        | Found a corrupted altar of Lugonu.
     5 | D        | Found a bloodstained altar of Trog.
     5 | D        | Round 1.
     6 | D        | Found a burning altar of Makhleb.
     6 | D        | Found an iron altar of Okawaru.
     6 | D        | Found Woathrats's Weapon Rack.
     6 | D        | Found Lilaimni's Premium Goods.
     7 | D        | Found Kumaitoi's Basic Armour.
     7 | D        | Found Jegixt's Miscellaneous Merchandise.
    15 | D        | Bought a +0 pair of gloves for 54 gold pieces
    15 | D        | Bought a +0 cloak for 54 gold pieces
    28 | D        | Found a snail-covered altar of Cheibriados.
    29 | D        | Found a shimmering blue altar of Sif Muna.
    30 | D        | Found a basalt altar of Yredelemnul.
    31 | D        | Found Ysawnach's Identification Station.
    32 | D        | Found Taujuoll's Advanced Armour.
    32 | D        | Found Usibul's Jewellery.
    33 | D        | Found an ancient bone altar of Kikubaaqudgha.
    33 | D        | Found an ornate altar of the Wu Jian Council.
    33 | D        | Found a viscous altar of Jiyva.
    37 | D        | Found a glowing golden altar of the Shining One.
    40 | D        | Bought a heavily runed copper ring for 45 gold pieces
    40 | D        | Identified the ring "Zoxtihuc" {rElec rPois Will+ Int-4
                  | SInv} (You bought it in a shop in the Dungeon)
    40 | D        | Bought a bound zirconium amulet for 45 gold pieces
    40 | D        | Identified the amulet "Najacic" {Reflect rCorr Int+2 SH+5}
                  | (You bought it in a shop in the Dungeon)
    53 | D        | Found a shadowy altar of Dithmenos.
    55 | D        | Found Fiorriob's Magic Scroll Shop.
    56 | D        | Found a sacrificial altar of Ru.
    56 | D        | Found an opulent altar of Gozag.
    56 | D        | Found a shimmering altar of Xom.
    56 | D        | Found Isuschufe's Staff Store.
    56 | D        | Found Lisoaro's Magic Scroll Shop.
    56 | D        | Found Jiqugar's Must-Have Magic.
    60 | D        | Found a blossoming altar of Fedhas.
    62 | D        | Found a stormy altar of Qazlal.
    63 | D        | Found Garedaem's Distillery.
    64 | D        | Found Myruar's Distillery.
    64 | D        | Found Tethraps's Bottled Wisdom.
    64 | D        | Found Pucvel's Do-It-Yourself Clinic.
    80 | D        | Became a worshipper of Warmaster Okawaru
   144 | D        | Reached skill level 4 in Shields
   144 | D        | Reached XP level 2. HP: 19/20 MP: 2/2
   144 | D        | Arena points: 12 (+12) [x2]
   181 | D        | Round 2.
   214 | D        | Noticed a kobold brigand
   223 | D        | Reached XP level 3. HP: 24/24 MP: 3/3
   226 | D        | Noticed Pikel
   227 | D        | Killed a kobold brigand
   228 | D        | Reached skill level 5 in Fighting
   228 | D        | Reached skill level 5 in Armour
   228 | D        | Reached skill level 1 in Dodging
   228 | D        | Reached skill level 6 in Shields
   228 | D        | Reached XP level 4. HP: 32/32 MP: 4/4
   243 | D        | Noticed a kobold brigand
   258 | D        | Killed Pikel
   258 | D        | Reached * piety under Okawaru
   259 | D        | Reached skill level 9 in Shields
   259 | D        | Reached XP level 5. HP: 12/40 MP: 5/5
   259 | D        | Reached XP level 6. HP: 14/45 MP: 6/6
   259 | D        | Reached XP level 7. HP: 15/50 MP: 7/7
   264 | D        | Reached ** piety under Okawaru
   264 | D        | Arena points: 54 (+42) [x3]
   297 | D        | Round 3.
   297 | D        | Noticed a neqoxec
   297 | D        | Noticed a neqoxec
   298 | D        | Noticed a neqoxec
   308 | D        | Gained mutation: Your movements are slightly less
                  | encumbered by armour. (ER -2) [a neqoxec]
   309 | D        | Noticed a neqoxec
   310 | D        | Killed a neqoxec
   311 | D        | Reached skill level 10 in Shields
   311 | D        | Noticed a neqoxec
   317 | D        | Killed a neqoxec
   318 | D        | Reached XP level 8. HP: 46/56 MP: 6/8
   321 | D        | Gained mutation: Your muscles are strong. (Str +2) [a
                  | neqoxec]
   322 | D        | Gained mutation: Your magical capacity is low. (-10% MP) [a
                  | neqoxec]
   332 | D        | Gained mutation: You sometimes lose the ability to read
                  | scrolls when taking damage. [a neqoxec]
   339 | D        | Reached skill level 11 in Shields
   355 | D        | Arena points: 126 (+72) [x4]
   366 | D        | Bought a +0 broad axe for 120 gold pieces
   370 | D        | Round 4.
   393 | D        | Noticed a gargoyle
   397 | D        | Killed a gargoyle
   397 | D        | Reached *** piety under Okawaru
   398 | D        | Reached skill level 10 in Axes
   404 | D        | Reached skill level 10 in Fighting
   404 | D        | Reached skill level 1 in Invocations
   417 | D        | Reached XP level 9. HP: 62/62 MP: 6/8
   419 | D        | Noticed a rust devil
   437 | D        | Killed a rust devil
   437 | D        | Reached **** piety under Okawaru
   437 | D        | Arena points: 266 (+140) [x5]
   469 | D        | Bought a sparkling lead ring for 45 gold pieces
   469 | D        | Identified the ring "Ygiteph" {Will+ rCorr AC+4} (You
                  | bought it in a shop in the Dungeon)
   477 | D        | Round 5.
   483 | D        | Noticed a witch
   489 | D        | Noticed a four-headed hydra
   502 | D        | Noticed a ghost crab
   506 | D        | Killed a witch
   506 | D        | Arena points: 546 (+280) [x7]
   507 | D        | Reached skill level 1 in Stealth
   507 | D        | Reached skill level 12 in Shields
   509 | D        | Got a decaying rune of Zot
   523 | D        | Reached skill level 1 in Crossbows
   523 | D        | Reached skill level 1 in Poison Magic
   523 | D        | Reached XP level 10. HP: 41/68 MP: 10/10
   538 | D        | Bought a pair of faintly humming boots for 332 gold pieces
   538 | D        | Identified the +0 pair of boots "Meniziuj" {rCorr} (You
                  | bought it in a shop in the Dungeon)
   686 | D        | Round 6.
   740 | D        | Reached skill level 5 in Dodging
   746 | D        | Reached skill level 13 in Shields
   746 | D        | Reached XP level 11. HP: 27/74 MP: 9/11
   755 | D        | Arena points: 930 (+384) [x8]
   770 | D        | Round 7.
   771 | D        | Noticed a spriggan rider
   772 | D        | Bought a crude hat for 315 gold pieces
   772 | D        | Identified the +2 hat "Xaop" {Str+7} (You bought it in a
                  | shop in the Dungeon)
   791 | D        | Noticed a bunyip
   796 | D        | Slain by a hornet

Illustrated notes

Levels and vault maps discovered:
D:        arena_sprint

Skill      XL: |  1  2  3  4  5  6  7  8  9 10 |
---------------+-------------------------------+-----
Axes           | 2 3 7 8 10 11 12 | 12.8
Fighting       | 4 5 8 9 10 11 | 11.5
Armour         | 4 5 7 8 9 |  9.6
Shields        | 4 6 9 10 11 12 13 | 13.3
Dodging        | 1 2 3 4 5 |  5.4
Invocations    | 1 2 |  2.6
Stealth        | 1 2 |  2.9
Crossbows      | 1 |  1.1
Poison Magic   | 1 |  1.1
Short Blades   | |  0.5
Long Blades    | |  0.5
Maces & Flails | |  0.6
Polearms       | |  0.5
Staves         | |  0.6
Slings         | |  0.5
Bows           | |  0.6
Throwing       | |  0.5
Unarmed Combat | |  0.6
Spellcasting   | |  0.5
Conjurations   | |  0.7
Hexes          | |  0.5
Summonings     | |  0.5
Necromancy     | |  0.4
Translocations | |  0.5
Transmutations | |  0.4
Fire Magic     | |  0.6
Ice Magic      | |  0.6
Air Magic      | |  0.4
Earth Magic    | |  0.8
Evocations     | |  0.5

Action                   |  1- 3 |  4- 6 |  7- 9 | 10-12 || total
-------------------------+-------+-------+-------+-------++-------
Melee: War axe           |    22 |    22 |    29 |       ||    73
       Broad axe         |       |       |    55 |    62 ||   117
Invok: Heroism           |       |       |     4 |     3 ||     7
  Use: Potion            |       |     1 |     2 |       ||     3
 Stab: Confused          |       |       |     1 |       ||     1
Armor: Scale mail        |    11 |     3 |    26 |    30 ||    70
Dodge: Dodged            |     8 |     4 |    14 |    39 ||    65
Block: Kite shield       |    16 |    23 |    47 |    81 ||   167
       Reflection        |       |     3 |     1 |       ||     4
